 Dungeon Crawl Stone Soup version 0.31.0-32-g396128a36d (webtiles) character file.

Game seed: 17504429491355488364

30 601d51SH the Sneak (level 3, 0/31 HPs)
             Began as a Gnoll Brigand on Mar 31, 2024.
             Frozen to death by an endoplasm (1 damage)
             ... on level 1 of the Dungeon.
             The game lasted 00:00:58 (322 turns).

601d51SH the Sneak (Gnoll Brigand)                   Turns: 322, Time: 00:00:59

Health: 0/31       AC:  3    Str: 12    XL:     3   Next: 20%
Magic:  4/4        EV: 12    Int: 10    God:
Gold:   17         SH:  0    Dex: 13    Spells: 3/3 levels left

rFire   . . .        a - +2 dagger
rCold   . . .        (no shield)
rNeg    . . .        b - +0 robe
rPois   .            (no helmet)
rElec   .            c - +0 cloak
rCorr   .            (no gloves)
SInv    .            (no boots)
Will    .....        (no amulet)
Stlth   ++++         (no ring)
HPRegen 0.25/turn    (no ring)
MPRegen 0.09/turn

%: no passive effects
@: no status effects
A: fangs 1, strong nose, distributed training
a: no special abilities


You were on level 1 of the Dungeon.
You visited 1 branch of the dungeon, and saw 1 of its levels.

You collected 17 gold pieces.

Inventory:

Hand Weapons
 a - a +2 dagger (weapon)
Missiles
 d - 9 poisoned darts (quivered)
 e - 3 curare-tipped darts
 i - 3 javelins
Armour
 b - a +0 robe (worn)
 c - a +0 cloak (worn)
 h - a +0 plate armour
Scrolls
 f - a scroll of teleportation {unknown}
 g - a scroll of blinking {unknown}
Potions
 j - a potion of curing {unknown}


   Skills:
 + Level 4.5 Fighting
 + Level 4.5 Short Blades
 + Level 0.7 Long Blades
 + Level 0.7 Axes
 + Level 0.7 Maces & Flails
 + Level 0.7 Polearms
 + Level 0.7 Staves
 + Level 0.7 Ranged Weapons
 + Level 4.5 Throwing
 + Level 0.7 Armour
 + Level 2.6 Dodging
 + Level 7.8 Stealth
 + Level 0.7 Shields
 + Level 0.7 Unarmed Combat
 + Level 0.7 Spellcasting
 + Level 0.5 Conjurations
 + Level 0.5 Hexes
 + Level 0.5 Summonings
 + Level 0.5 Necromancy
 + Level 0.5 Translocations
 + Level 0.5 Fire Magic
 + Level 0.5 Ice Magic
 + Level 0.5 Air Magic
 + Level 0.5 Earth Magic
 + Level 0.5 Alchemy
 + Level 0.9 Invocations
 + Level 0.7 Evocations
 + Level 0.6 Shapeshifting


You had 3 spell levels left.
You didn't know any spells.
Your spell library was empty.

Dungeon Overview and Level Annotations

Branches:
Dungeon (1/15)

Altars:


Innate Abilities, Weirdness & Mutations

You have very sharp teeth.
Your uncanny sense of smell can sniff out nearby items.
Your experience applies equally to all skills.


Message History

The endoplasm misses you. The quokka bites you.
You closely miss the quokka.
The quokka is moderately wounded.
The quokka closely misses you. The endoplasm freezes you.
You are frozen.
The endoplasm hits you but does no damage.
You hit the quokka.
The quokka is heavily wounded.
The quokka bites you.
The endoplasm jiggles.
The endoplasm freezes you.
You are frozen.
You hit the quokka.
The quokka is severely wounded.
The endoplasm closely misses you. The quokka closely misses you.
You closely miss the quokka. You bite the quokka, but do no damage.
The quokka is severely wounded.
The endoplasm closely misses you. The endoplasm freezes you.
You are frozen.
* * * LOW HITPOINT WARNING * * *
The quokka bites you.
* * * LOW HITPOINT WARNING * * *
You hit the quokka.
You kill the quokka!
The endoplasm hits you.
* * * LOW HITPOINT WARNING * * *
The endoplasm freezes you.
You are frozen.
* * * LOW HITPOINT WARNING * * *
You hit the endoplasm.
The endoplasm is heavily wounded.
The endoplasm hits you but does no damage.
The endoplasm closely misses you.
You hit the endoplasm.
You kill the endoplasm!
The endoplasm freezes you.
You are frozen.
You die...

##.##.#.#####.....#...##..
#..........#####..........
#..........# ####.#....#
#..........########.####.#
#.........................
#....(.....###############
#..........# #.......J..#
#.......g@.# ############


You could see an endoplasm and a goblin.

Vanquished Creatures
  A dart slug (D:1)
  3 endoplasms (D:1)
  5 giant cockroaches (D:1)
  2 hobgoblins (D:1)
  2 kobolds (D:1)
  2 quokkas (D:1)
  A bat (D:1)
  2 frilled lizards (D:1)
  4 goblins (D:1)
  4 rats (D:1)
26 creatures vanquished.

Notes
Turn   | Place    | Note
-------+----------+-------------------------------------------
     0 | D:1      | 601d51SH the Gnoll Brigand began the quest for the Orb.
     0 | D:1      | Reached XP level 1. HP: 20/20 MP: 1/1
    78 | D:1      | Reached XP level 2. HP: 22/26 MP: 2/2
   220 | D:1      | Reached XP level 3. HP: 22/31 MP: 3/3
   320 | D:1      | HP: 1/31 [frozen (3)]
   322 | D:1      | Frozen to death by an endoplasm

Illustrated notes

Levels and vault maps discovered:
D:1:      dpeg_arrival_another_circle, layout_rooms, minmay_split_cup_large

Action                     || total
---------------------------++-------
  Melee: Dagger            ||    78
         Bite              ||     8
         Punch             ||     2
   Stab: Sleeping          ||     4
 Armour: Robe              ||    40
  Dodge: Dodged            ||    46
